 Dungeon Crawl Stone Soup version 0.31-a0-656-gb4d89c20fa (webtiles) character file.

Game seed: 7218298251008405049

302 Xavori the Sneak (level 6, -5/43 HPs)
             Began as an Octopode Chaos Knight on Aug 30, 2023.
             Was a Plaything of Xom.
             Slain by a redback (glowing shapeshifter) (8 damage)
             ... on level 3 of the Dungeon.
             The game lasted 00:02:30 (7792 turns).

Xavori the Sneak (Octopode Chaos Knight)            Turns: 7792, Time: 00:02:33

Health: -5/43      AC:  7    Str: 12    XL:     6   Next: 37%
Magic:  6/6        EV: 14    Int: 14    God:    Xom [...*..]
Gold:   130        SH:  0    Dex: 13    Spells: 5/5 levels left

rFire   + . .        a - +0 short sword (chaos)
rCold   . . .        (no shield)
rNeg    . . .        (helmet restricted)
rPois   .            (no amulet)
rElec   .            d - +4 ring of protection
rCorr   .            g - ring of protection from fire
SInv    +            (no ring)
Will    .....        (no ring)
Stlth   ++++         (no ring)
HPRegen 0.27/turn    (no ring)
MPRegen 0.10/turn    (no ring)
                     (no ring)

%: no passive effects
@: no status effects
A: almost no armour, amphibious, 8 rings, camouflage 1, gelatinous body 1,
(nimble swimmer 1), tentacles, tentacle spike 1, iridescent scales 1, see
invisible
a: Renounce Religion


You were on level 3 of the Dungeon.
You worshipped Xom.
You were a favourite toy of Xom.
You visited 1 branch of the dungeon, and saw 3 of its levels.

You collected 130 gold pieces.

Inventory:

Hand Weapons
 a - a +0 short sword of chaos (weapon)
Jewellery
 d - a +4 ring of protection (left tentacle)
 g - a ring of protection from fire (right tentacle)
Scrolls
 b - a scroll of butterflies
 c - 2 scrolls of teleportation
 f - 3 scrolls of poison {unknown}
 h - a scroll of identify {unknown}
 j - a scroll of torment {unknown}
 k - a scroll of vulnerability {unknown}
Potions
 e - a potion of brilliance {unknown}
 i - a potion of curing {unknown}
 m - a potion of might


   Skills:
 + Level 3.8 Fighting
 + Level 4.6 Short Blades
 + Level 3.3 Dodging
 + Level 5.1 Stealth


You had 5 spell levels left.
You didn't know any spells.
Your spell library contained the following spells:

 Spells                   Type           Power      Damage    Failure   Level
 Vhi's Electric Charge    Tloc/Air       0%         N/A       96%         4
 Arcjolt                  Conj/Air       0%         1d10      100%        5
 Plasma Beam              Fire/Air       0%         2x1d10    100%        6


Dungeon Overview and Level Annotations

Branches:
Dungeon (3/15)

Altars:
Cheibriados
Fedhas

Shops:
D:3 ?

Annotations:
D:3 1 transporter


Innate Abilities, Weirdness & Mutations

You cannot wear most types of armour.
You are amphibious.
You can wear up to eight rings at the same time.
Your skin changes colour to match your surroundings (Stealth+).
Your rubbery body absorbs attacks. (AC +1, EV +1)
((You are camouflaged when in or above water. (Stealth+)))
You have tentacles for arms and can constrict up to eight enemies at once.
One of your tentacles bears a spike.
You are partially covered in iridescent scales. (AC +2)
You have supernaturally acute eyesight. (SInv)


Message History

The snapping turtle bites you but does no damage.
You hit the snapping turtle but do no damage.
The snapping turtle shakes off its lethargy.
The snapping turtle goes berserk!
You pierce the snapping turtle, but do no damage.
You squeeze the snapping turtle, but do no damage.
The snapping turtle is severely wounded.
You constrict the snapping turtle, but do no damage.
The snapping turtle bites you.
You hit the snapping turtle but do no damage.
The snapping turtle is severely wounded.
You constrict the snapping turtle, but do no damage.
The snapping turtle closely misses you.
The dart slug bites you but does no damage.
You hit the snapping turtle but do no damage.
You pierce the snapping turtle, but do no damage.
You squeeze the snapping turtle.
The snapping turtle is severely wounded.
You constrict the snapping turtle. The snapping turtle bites you!!!
Ouch! That really hurt!
* * * LOW HITPOINT WARNING * * *
Xom roars with laughter!
A shower of butterflies erupts from you!
You swap places.
You release your grip on the snapping turtle.
The snapping turtle completely misses you.
The dart slug launches a dart at you. The slug dart misses you.
The snapping turtle changes into a redback!
The dart slug bites you.
* * * LOW HITPOINT WARNING * * *
It was a potion of might.
You feel very mighty all of a sudden.
It was a potion of cancellation.
Your magical effects are unravelling.
You feel magically purged.
You feel a little less mighty now. The dart slug barely misses you.
The redback bites you!
You die...
Xom thinks this is hilarious!

...#..#..........#
...#.........#
+##+##+.....
....##...##.......##
#.....#.....
.........###.J...##
#.....#..... .###.....#
####### '##+####....# #
#.....# ....#.#..##.#.#
#)....#
.........##.#.###..######
...###...##...##sw....<..
.............###@..b.....
.................b.......
.............##..........
...####....#......bbb...<
...# ##...#..#....b.....
...# ##..!..##.........
.....# ###.#....##.#####
.....# #.....## .#
....... ......# ..


You could see a redback shaped shifter (ally target) and a dart slug.

Vanquished Creatures
  Sigmund (D:2)
  Terence (D:2)
  Natasha (D:2)
  An orc wizard (D:3)
  2 adders
  6 dart slugs
  4 orcs
  2 ball pythons (D:2)
  9 bats
  4 endoplasms
  2 giant cockroaches
  3 hobgoblins
  A quokka (D:2)
  2 frilled lizards
  4 goblins
  5 rats
48 creatures vanquished.

Notes
Turn   | Place    | Note
-------+----------+-------------------------------------------
     0 | D:1      | Xavori the Octopode Chaos Knight began the quest for the
                  | Orb.
     0 | D:1      | Reached XP level 1. HP: 16/16 MP: 1/1
   100 | D:1      | Reached XP level 2. HP: 21/21 MP: 2/2
   211 | D:1      | XOM: divination: detect creatures
   353 | D:1      | XOM: god gift: 23 gold pieces
   697 | D:1      | XOM: silly message
  1209 | D:1      | XOM: divination: magic mapping
  1296 | D:1      | XOM: divination: detect items
  1806 | D:1      | XOM is BORED!
  1897 | D:1      | XOM: silly message
  3162 | D:1      | XOM: divination: detect creatures
  4351 | D:1      | XOM: draining
  5110 | D:1      | XOM: noise
  5312 | D:1      | XOM: give mutations
  5312 | D:1      | Gained mutation: You are frail. (-10% HP) [Xom's mischief]
  5312 | D:1      | Gained mutation: Your muscles are strong. (Str +4, Int/Dex
                  | -1) [Xom's mischief]
  5312 | D:1      | Gained mutation: You have supernaturally acute eyesight.
                  | (SInv) [Xom's mischief]
  5324 | D:1      | XOM: god gift: 4 stones
  5611 | D:1      | XOM: torment (8/14 hp)
  5888 | D:1      | XOM: silly message
  6254 | D:1      | XOM: give mutations
  6254 | D:1      | Gained mutation: Your muscles are very strong. (Str +8,
                  | Int/Dex -2) [Xom's grace]
  6254 | D:1      | Gained mutation: You are partially covered in iridescent
                  | scales. (AC +2) [Xom's grace]
  6254 | D:1      | Gained mutation: One of your tentacles bears a spike.
                  | [Xom's grace]
  6254 | D:1      | Gained mutation: You possess an exceptional clarity of
                  | mind. [Xom's grace]
  6292 | D:2      | Noticed Terence
  6292 | D:2      | XOM: 7-stop teleportation journey
  6340 | D:2      | Noticed Natasha
  6347 | D:2      | Killed Natasha
  6348 | D:2      | Reached skill level 1 in Stealth
  6348 | D:2      | Reached XP level 3. HP: 18/23 MP: 3/3
  6402 | D:2      | XOM: give mutations
  6402 | D:2      | Lost mutation: You are frail. (-10% HP) [Xom's mischief]
  6402 | D:2      | Lost mutation: Your muscles are very strong. (Str +8,
                  | Int/Dex -2) [Xom's mischief]
  6402 | D:2      | Lost mutation: Your muscles are strong. (Str +4, Int/Dex
                  | -1) [Xom's mischief]
  6402 | D:2      | Lost mutation: You possess an exceptional clarity of mind.
                  | [Xom's mischief]
  6432 | D:2      | XOM: noise
  6550 | D:2      | Killed Terence
  6551 | D:2      | Reached skill level 2 in Stealth
  6551 | D:2      | Reached XP level 4. HP: 17/31 MP: 4/4
  6686 | D:2      | Noticed Sigmund
  6693 | D:2      | XOM: confusion (+ monsters)
  6695 | D:2      | XOM: enchant monster (good)
  6696 | D:2      | Killed Sigmund
  6697 | D:2      | Reached skill level 4 in Stealth
  6697 | D:2      | Reached XP level 5. HP: 37/37 MP: 5/5
  6697 | D:2      | Reached XP level 6. HP: 43/43 MP: 6/6
  6872 | D:2      | Identified the +2 short sword "Awoj" {heavy, rF+ Dex+3}
  7017 | D:2      | XOM is BORED!
  7049 | D:2      | XOM: summons 3 hostile shadow creatures
  7075 | D:2      | You fall into a shaft and drop 1 floor!
  7105 | D:3      | Found a blossoming altar of Fedhas.
  7141 | D:3      | Reached skill level 5 in Stealth
  7541 | D:3      | XOM: torment (23/43 hp)
  7545 | D:3      | XOM: 9-stop teleportation journey
  7651 | D:3      | Found a transporter.
  7651 | D:3      | Found Kaclyel's Magic Scroll Emporium.
  7673 | D:3      | Found a snail-covered altar of Cheibriados.
  7673 | D:3      | XOM: 9-stop teleportation journey
  7774 | D:3      | an orc changed into a glowing shapeshifter
  7774 | D:3      | Noticed a glowing shapeshifter (glowing shapeshifter)
  7774 | D:3      | XOM: polymorph orc -> glowing shapeshifter
  7782 | D:3      | a glowing shapeshifter changed into a snapping turtle
  7782 | D:3      | Noticed a snapping turtle (glowing shapeshifter)
  7788 | D:3      | XOM: butterfly on damage
  7790 | D:3      | a snapping turtle changed into a redback
  7790 | D:3      | Noticed a redback (glowing shapeshifter)
  7792 | D:3      | Slain by a redback (glowing shapeshifter)

Illustrated notes

Levels and vault maps discovered:
D:1:      erik_arrival_orb_chamber, layout_rooms
D:2:      layout_loops_corners, uniq_natasha, uniq_sigmund, uniq_terence
D:3:      layout_rooms, kennysheep_slug_shrine, mainiacjoe_overflow_24_doors,
          nicolae_tso_carved_into_rock, serial_shops, nicolae_shop_drivethru

Skill      XL: |  1  2  3  4  5  6 |
---------------+-------------------+-----
Stealth        | 1 2 4 5 |  5.1
Short Blades   | 4 |  4.6
Dodging        | 3 |  3.3
Fighting       | |  3.8

Action                     |  1- 3 |  4- 6 || total
---------------------------+-------+-------++-------
  Melee: Short sword       |    54 |    64 ||   118
         Constrict         |    16 |    14 ||    30
         Tentacles         |     8 |    12 ||    20
         Kick              |    11 |    15 ||    26
         Punch             |     1 |     2 ||     3
    Use: Potion            |       |     2 ||     2
         Scroll            |       |     1 ||     1
   Stab: Sleeping          |     4 |     8 ||    12
 Armour: Skin              |    14 |    16 ||    30
  Dodge: Dodged            |    35 |    36 ||    71

Table legend: (Time is in decaauts)
 A = Elapsed time spent in this place.
 B = Non-inter-level travel time spent in this place.
 C = Inter-level travel time spent in this place.
 D = Time resting spent in this place.
 E = Time spent auto-exploring this place.
 F = Levels seen in this place.
 G = Mean time per level.
                   A        B        C        D        E       F      G
               +--------+--------+--------+--------+--------+-----+--------+
         Total |   7785 |   7698 |     87 |   6042 |   1323 |   3 | 2595.0 |
       Dungeon |   7785 |   7698 |     87 |   6042 |   1323 |   3 | 2595.0 |
               +--------+--------+--------+--------+--------+-----+--------+

Top non-repeatable levels by time:
     D:1: 6249 daAuts
     D:2: 1211 daAuts
     D:3: 325 daAuts
